 Seeded DCSS version 0.25-a0-424-g80bd347 (webtiles) character file.

Game seed: 4685463770755312842, levelgen mode: deterministic

154 Ayyar the Chiller (level 5, -12/30 HPs)
             Began as a Gargoyle Ice Elementalist on Jan 20, 2020.
             Mangled by an ogre
             ... wielding a +0 giant club
              (14 damage)
             ... on level 3 of the Dungeon.
             The game lasted 00:16:51 (2732 turns).

Ayyar the Chiller (Gargoyle Ice Elementalist)       Turns: 2732, Time: 00:16:51

Health: -12/30     AC:  7    Str: 13      XL:     5   Next: 35%
Magic:  3/9        EV: 12    Int: 14 (15) God:
Gold:   74         SH:  0    Dex: 10      Spells: 0/9 levels left

rFire    . . .     SeeInvis .   m - +0 whip
rCold    . . .     Gourm    .   (no shield)
rNeg     + . .     Faith    .   a - +0 robe
rPois    ∞         Spirit   .   d - +0 helmet
rElec    +         Reflect  .   (no cloak)
rCorr    .         Harm     .   (no gloves)
MR       .....                  (no boots)
Stlth    ++........             (no amulet)
HPRegen  0.10/turn              (no ring)
MPRegen  0.11/turn              (no ring)

@: no status effects
A: negative energy resistance 1, electricity resistance, unbreathing,
petrification resistance, rot immunity, AC +4
a: no special abilities


You were on level 3 of the Dungeon.
You were not hungry.

You visited 1 branch of the dungeon, and saw 3 of its levels.

You collected 74 gold pieces.

Inventory:

Hand Weapons
 m - a +0 whip (weapon)
Armour
 a - a +0 robe (worn)
 d - a +0 helmet (worn)
Jewellery
 s - an uncursed ring of see invisible {unknown}
Scrolls
 f - 4 scrolls of identify {unknown}
 i - a scroll of fog {unknown}
 j - 2 scrolls of immolation {unknown}
 n - 3 scrolls of teleportation {unknown}
 o - a scroll of random uselessness {unknown}
 p - 3 scrolls of amnesia {unknown}
 q - 4 scrolls of remove curse {unknown}
 r - a scroll of blinking {unknown}
 u - a scroll of fear {unknown}
Potions
 b - a potion of mutation {unknown}
 e - a potion of cancellation {unknown}
 g - a potion of degeneration
 h - a potion of haste {unknown}
 k - a potion of might
 l - a potion of curing {unknown}
Comestibles
 c - 5 rations
 t - 3 chunks of flesh


   Skills:
 + Level 1.9 Fighting
 + Level 1.2 Maces & Flails
 + Level 2.3 Dodging
 + Level 3.3 Stealth
 + Level 2.7 Spellcasting
 + Level 4.5 Ice Magic


You couldn't memorise any spells.
You knew the following spells:

 Your Spells              Type           Power        Failure   Level  Hunger
a - Freeze                Ice            ##..         3%          1    #......
b - Hailstorm             Conj/Ice       #.......     65%         4    #####..
c - Summon Ice Beast      Ice/Summ       #.......     65%         4    #####..

Your spell library contained the following spells:

 Spells                   Type           Power        Failure   Level  Hunger
 Ozocubu's Armour         Chrm/Ice       #.......     26%         3    ###....


Dungeon Overview and Level Annotations

Branches:
Dungeon (3/15)

Altars:
Dithmenos


Innate Abilities, Weirdness & Mutations

You are resistant to torment.
Your stone body is resilient. (AC +4)
You are immune to poison.
You resist negative energy. (rN+)
You are resistant to electric shocks. (rElec)
You can survive without breathing.
You are immune to petrification.
You are immune to rotting.


Message History

Aim: an ogre, wielding a +0 giant club (heavily wounded)
You freeze the ogre.
The ogre is severely wounded.
Casting: Freeze (safe; 3% risk of failure)
Confirm with . or Enter, or press ? or * to list all spells.
Aiming: Freeze (safe; 3% risk of failure)
Press: ? - help, Shift-Dir - straight line, f/p - ogre
Aim: an ogre, wielding a +0 giant club (severely wounded)
You freeze the ogre.
The ogre is severely wounded.
The ogre misses you.
Casting: Freeze (safe; 3% risk of failure)
Confirm with . or Enter, or press ? or * to list all spells.
Aiming: Freeze (safe; 3% risk of failure)
Press: ? - help, Shift-Dir - straight line, f/p - ogre
Aim: an ogre, wielding a +0 giant club (severely wounded)
You freeze the ogre.
The ogre is almost dead.
The ogre hits you with a +0 giant club!
You die...

########
#.......
#.######
#.#.. #.#.#
#.#.# #.#.#
###########
#.#.#
......O@..#
#.#.#
#########.#
#.#.#### #.#
#....... #.#
###.####
#.#########.#
#...........#
#############


You could see an ogre.

Vanquished Creatures
  An orc priest (D:3)
  Robin (D:3)
  3 adders
  A worm (D:2)
  A dart slug (D:1)
  2 leopard geckos
  4 orcs (D:3)
  2 ball pythons (D:3)
  4 bats
  A giant cockroach (D:3)
  12 goblins
  10 hobgoblins
  4 jackals (D:3)
  2 quokkas (D:2)
  5 frilled lizards
  13 kobolds
  8 rats
74 creatures vanquished.

Notes
Turn   | Place    | Note
-------+----------+-------------------------------------------
     0 | D:1      | Ayyar the Gargoyle Ice Elementalist began the quest for the
                  | Orb.
     0 | D:1      | Reached XP level 1. HP: 10/10 MP: 3/3
   232 | D:1      | Reached XP level 2. HP: 15/15 MP: 1/5
   781 | D:1      | Reached XP level 3. HP: 20/20 MP: 3/6
  1068 | D:2      | Reached skill level 1 in Fighting
  1115 | D:2      | Found a shadowy altar of Dithmenos.
  1655 | D:3      | Reached XP level 4. HP: 23/25 MP: 4/7
  1736 | D:3      | Found a faded altar of an unknown god.
  1836 | D:3      | Noticed Robin
  1852 | D:3      | Killed Robin
  2353 | D:3      | Reached skill level 1 in Maces & Flails
  2353 | D:3      | Reached XP level 5. HP: 6/30 MP: 1/9
  2656 | D:3      | Learned a level 4 spell: Hailstorm
  2661 | D:3      | Learned a level 4 spell: Summon Ice Beast
  2724 | D:3      | Noticed an ogre
  2732 | D:3      | Mangled by an ogre

Levels and vault maps discovered:
D:1:      scummos_arrival_simple_crosswalls, layout_loops_corners,
          minmay_misc_feat_pillars
D:2:      layout_loops_ring, nicolae_overflow_hidden_temple
D:3:      layout_basic, first_ration, chequers_ecumenical_altar_simple,
          uniq_robin

Skill      XL: |  1  2  3  4 |
---------------+-------------+-----
Fighting       | 1 |  1.9
Dodging        | 2 |  2.3
Stealth        | 3 |  3.3
Maces & Flails | 1 |  1.2
Spellcasting   | |  2.7
Ice Magic      | |  4.5

Action                   |  1- 3 |  4- 6 || total
-------------------------+-------+-------++-------
Melee: Unarmed           |     2 |       ||     2
       Whip              |    23 |    40 ||    63
 Cast: Freeze            |    66 |    52 ||   118
  Use: Potion            |       |     2 ||     2
 Stab: Sleeping          |     1 |       ||     1
  Eat: Chunk             |     3 |     4 ||     7
Armor: Robe              |    18 |    21 ||    39
Dodge: Dodged            |    39 |    50 ||    89

Table legend:
 A = Non-vault XP
 B = Vault XP
 C = Vault XP percentage of total XP
 D = Non-vault monster count
 E = Vault monster count
 F = Vault count percentage of total count
                 A         B        C        D         E       F
            +---------+---------+-------+---------+---------+-------
      Total |     193 |      27 |  12.3 |      67 |       7 |   9.5
            +---------+---------+-------+---------+---------+-------
        D:1 |      38 |       0 |   0.0 |      25 |       0 |   0.0
        D:2 |      43 |       0 |   0.0 |      16 |       0 |   0.0
        D:3 |     112 |      27 |  19.4 |      26 |       7 |  21.2
            +---------+---------+-------+---------+---------+-------
